Cogmind - Beta 9.4 @@@ ROGUE MODE // 2020.02.22 @ 23:06:50 Player: K.Ioz Result: Destroyed by P-60 Hacker with Shock Rifle Performance ------------- Evolutions (3) 1500 Regions Visited (4) 800 Robots Destroyed (23) 115 Value Destroyed (545) 545 Prototype IDs (9) 180 Alien Tech Used (0) 0 Bonus (0) 0 TOTAL SCORE: 3140 Bonus ------- None Cogmind --------- Core Integrity 0/700 Matter 261/300 Energy 99/100 System Corruption 4% Temperature Cool (0) Movement Core (50) Location -7/Factory Parts ------- > --- POWER (2) -------- (None) > --- PROPULSION (5) --- (None) > --- UTILITY (4) ------ (None) > --- WEAPON (2) ------- (None) > --- INVENTORY (4) ---- Small Storage Unit Peak State ------------ > --- POWER ------------ Light Deuterium Engine Light Deuterium Engine > --- PROPULSION ------- VTOL Module Cesium-ion Thruster > --- UTILITY ---------- Advanced Weight Redist. System > --- WEAPON ----------- Autogun Mini Assault Cannon > --- INVENTORY -------- Small Storage Unit [Rating: 21] Favorites ----------- Power Light Ion Engine Engine Light Ion Engine Power Core Light Nuclear Core Propulsion Aluminum Leg Leg Aluminum Leg Flight Unit Cesium-ion Thruster Utility Small Storage Unit Device Advanced Weight Redist. System Storage Small Storage Unit Weapon Assault Rifle Energy Gun Medium Laser Ballistic Gun Assault Rifle Ballistic Cannon Mini Assault Cannon Build | -11 -10 -9 -8 -7 ------- Run | Scr Mat Mat Mat Fac Slots Evolved 6 | . . 2 2 2 Power 1 | . . 1 . . Propulsion 3 | . . 1 1 1 Utility 2 | . . . 1 1 Weapon . | . . . . . Parts Attached 37 | 6 1 11 5 14 Power 10 | 1 . 1 2 6 Engine 6 | 1 . 1 2 2 Core 4 | . . . . 4 Reactor . | . . . . . Propulsion 13 | 2 . 4 3 4 Treads . | . . . . . Leg 2 | 2 . . . . Wheel . | . . . . . Hover . | . . . . . Flight 11 | . . 4 3 4 Utility 2 | 1 . . . 1 Device 1 | . . . . 1 Storage 1 | 1 . . . . Processor . | . . . . . Hackware . | . . . . . Protection . | . . . . . Artifact . | . . . . . Weapon 12 | 2 1 6 . 3 Energy Gun 1 | 1 . . . . Energy Cannon . | . . . . . Ballistic Gun 10 | 1 1 6 . 2 Ballistic Cannon 1 | . . . . 1 Launcher . | . . . . . Special Weapon . | . . . . . Impact Weapon . | . . . . . Slashing Weapon . | . . . . . Piercing Weapon . | . . . . . Special Melee Weapon . | . . . . . Unidentified Prototypes 3 | . . . 1 2 Parts Lost 27 | . 1 10 . 16 Power 8 | . . 2 . 6 Propulsion 10 | . . 4 . 6 Utility 1 | . . . . 1 Weapon 8 | . 1 4 . 3 Highest Loss Streak 10 | . 1 10 . 6 Average Slot Usage (%) 46 | . 85 54 13 30 Engine 8 | . 14 15 6 3 Leg 8 | . 28 1 . . Flight 7 | . . 19 6 10 Device 1 | . . . . 3 Storage 4 | . 14 1 . . Energy Gun 2 | . 6 . . . Ballistic Gun 8 | . 21 15 . 1 Ballistic Cannon 2 | . . . . 7 Naked Turns 65 | . . 4 61 . Heaviest Build 17 | 11 11 12 5 17 Greatest Support 20 | 20 20 12 6 20 Greatest Overweight (x) 3 | 3 . 1 . 2 Average Overweight (x) . | . . . . . Largest Inventory Capacity 6 | 6 6 6 4 4 Average Capacity 4 | 5 6 4 4 4 Most Carried 6 | 2 6 5 4 4 Average Carried 2 | 1 3 2 3 1 Final Capacity 6 | 6 6 4 4 4 Final Carried 6 | 2 6 1 4 1 Class Distribution -------------------- 93% | Mutant 6% | Scavenger-Mutant Dominant Class ---------------- Mutant | -10/Materials Mutant | -9/Materials Mutant | -8/Materials Mutant | -7/Factory Resources | -11 -10 -9 -8 -7 ----------- Run | Scr Mat Mat Mat Fac Matter Collected 779 | 195 189 29 . 366 Remotely . | . . . . . Salvage Created 373 | . 202 58 . 113 Parts 38 | . 20 7 . 11 Haulers Intercepted . | . . . . . Recyclers Shooed 1 | . . 1 . . Parts Field Recycled . | . . . . . Retrieved Matter . | . . . . . Parts Self-Destructed . | . . . . . Prevented . | . . . . . Kills | -11 -10 -9 -8 -7 ------- Run | Scr Mat Mat Mat Fac Combat Hostiles Destroyed 19 | . 10 2 . 7 Guns 12 | . 10 1 . 1 Cannons 6 | . . . . 6 AOE 1 | . . 1 . . Classes Destroyed 5 | . 3 2 . . Worker 2 | . . 2 . . Tunneler 1 | . . 1 . . Watcher 1 | . 1 . . . Swarmer 16 | . 9 1 . 6 Grunt 3 | . 1 1 . 1 Best Kill Streak 5 | . 5 5 . 4 Combat Bots Only 4 | . 4 2 . 4 Max Kills in Single Turn 4 | . 1 4 . 1 Gunslinging . | . . . . . Exploded 1 | . . 1 . . Melee . | . . . . . Uniques/NPCs Destroyed . | . . . . . Combat | -11 -10 -9 -8 -7 -------- Run | Scr Mat Mat Mat Fac Damage Taken 2605 | . 349 734 . 1522 Core 1090 | . 77 300 . 713 Absorbed by Shields . | . . . . . Core Remaining (%) 73 | 100 69 25 100 . Volleys Fired 70 | . 30 12 . 28 Largest 2 | . 2 2 . 2 Hottest 71 | . 70 40 . 71 Shots Fired 112 | . 57 20 . 35 Gun 84 | . 57 20 . 7 Cannon 28 | . . . . 28 Launcher . | . . . . . Special . | . . . . . Kinetic 103 | . 48 20 . 35 Thermal 9 | . 9 . . . Explosive . | . . . . . Electromagnetic . | . . . . . Robot Hit Streak 6 | . 4 6 . 4 Robot Miss Streak 5 | . 4 2 . 5 Penetration Max . | . . . . . Secondary Targets 2 | . 1 1 . . Max Gunslinging Chain 1 | . 1 1 . . Shots Hit Robots 56 | . 27 12 . 17 Core Hits 30 | . 13 9 . 8 Critical Hits . | . . . . . Critical Kills . | . . . . . Critical Parts Destroyed . | . . . . . Melee Attacks . | . . . . . Impact . | . . . . . Slashing . | . . . . . Piercing . | . . . . . Sneak Attacks . | . . . . . Combat Hostiles . | . . . . . Follow-up Attacks . | . . . . . Damage Inflicted 1570 | . 303 767 . 500 Guns 494 | . 303 123 . 68 Cannons 431 | . . . . 431 Explosions 644 | . . 644 . . Melee . | . . . . . Ramming 1 | . . . . 1 Kinetic 912 | . 290 123 . 499 Thermal 421 | . 13 408 . . Explosive 236 | . . 236 . . Electromagnetic . | . . . . . Impact . | . . . . . Slashing . | . . . . . Piercing . | . . . . . Highest Corruption 3 | . . . . 3 Average Corruption 1 | . . . . 1 Corruption Purged . | . . . . . Effects 2 | . . . . 2 Message Errors 1 | . . . . 1 Data Loss (minor) 1 | . . . . 1 Overload Shots . | . . . . . Overflow Damage 115 | . . 103 . 12 Projectiles 12 | . . . . 12 Explosions 103 | . . 103 . . Melee . | . . . . . Knockbacks 9 | . . . . 9 Impact . | . . . . . Kinetic 6 | . . . . 6 Secondary 3 | . . . . 3 Self-Inflicted Damage . | . . . . . Shots . | . . . . . Rammed 4 | . . . . 4 Targets Rammed 4 | . . . . 4 Kicked . | . . . . . Crushed . | . . . . . Highest Temperature 90 | . 63 35 . 90 Average Temperature 23 | . 27 12 . 31 Received Heat Transfer 468 | . . 228 . 240 Siege Activations . | . . . . . Robots Corrupted . | . . . . . Combat Hostiles . | . . . . . Parts Fried . | . . . . . Impact Corruptions 1 | . . . . 1 Robots Melted . | . . . . . Combat Hostiles . | . . . . . Parts Melted . | . . . . . Heat Transferred 287 | . 37 250 . . Parts Sabotaged . | . . . . . Parts Stolen . | . . . . . Parts Stripped . | . . . . . Power Chain Reactions . | . . . . . Missiles Intercepted . | . . . . . Alert | -11 -10 -9 -8 -7 ------- Run | Scr Mat Mat Mat Fac Peak Influence 290 | . 254 280 223 290 Average Influence 141 | . 88 139 164 199 Maximum Alert Level 1 | . 1 1 1 1 Low Security (%) 70 | 100 80 53 96 45 Level 1 29 | . 19 46 3 54 Level 2 . | . . . . . Level 3 . | . . . . . Level 4 . | . . . . . Level 5 . | . . . . . High Security . | . . . . . Max Security . | . . . . . Squads Dispatched 5 | . 1 1 1 2 Investigation 2 | . 1 . 1 . Extermination 1 | . . . . 1 Reinforcement 2 | . . 1 . 1 Assault . | . . . . . Garrison . | . . . . . Intercept . | . . . . . Construction Impeded . | . . . . . Haulers Reinforced 1 | . . . . 1 Stealth | -11 -10 -9 -8 -7 --------- Run | Scr Mat Mat Mat Fac Distress Signals 8 | . 3 2 2 1 Communications Jammed . | . . . . . Distress Signals . | . . . . . Times Spotted 73 | . 14 22 6 31 Peak Tracking Total 17 | . 5 17 4 9 Tactical Retreats 10 | . . 3 1 6 Traps | -11 -10 -9 -8 -7 ------- Run | Scr Mat Mat Mat Fac Traps Triggered 2 | . . . 1 1 Indirectly . | . . . . . Trap Hack Attempts . | . . . . . Triggered . | . . . . . Disarmed . | . . . . . Reprogrammed . | . . . . . Reused . | . . . . . Traps Extracted . | . . . . . Installed . | . . . . . Triggered . | . . . . . Machines | -11 -10 -9 -8 -7 ---------- Run | Scr Mat Mat Mat Fac Machines Disabled 13 | . . 11 . 2 Max in Single Turn 11 | . . 11 . 1 Machines Sabotaged . | . . . . . Garrisons Compromised . | . . . . . Overloaded Fab Kills . | . . . . . Fab Network Shutdowns . | . . . . . Hacking | -11 -10 -9 -8 -7 --------- Run | Scr Mat Mat Mat Fac Machines Accessed 12 | . 5 1 3 3 Terminals 11 | . 5 1 2 3 Fabricators . | . . . . . Repair Stations . | . . . . . Recycling Units . | . . . . . Scanalyzers . | . . . . . Garrison Access 1 | . . . 1 . Total Hacks 33 | . 19 1 7 6 Successful 11 | . 7 . 1 3 Failed 21 | . 11 1 6 3 Catastrophic 4 | . 2 1 . 1 Database Lockouts 1 | . 1 . . . Manual 13 | . 10 1 . 2 Terminals 32 | . 19 1 6 6 Fabricators . | . . . . . Repair Stations . | . . . . . Recycling Units . | . . . . . Scanalyzers . | . . . . . Garrison Access 1 | . . . 1 . Terminal Hacks 11 | . 7 . 1 3 Part Schematic 1 | . 1 . . . Prototype ID Bank 3 | . 1 . . 2 Branch Access Points 2 | . . . 1 1 Emergency Access Points 1 | . 1 . . . Unreport Threat 3 | . 3 . . . Locate Traps 1 | . 1 . . . Fabricator Hacks . | . . . . . Repair Station Hacks . | . . . . . Recycling Unit Hacks . | . . . . . Scanalyzer . | . . . . . Garrison Access Hacks . | . . . . . Unauthorized Hacks . | . . . . . Terminals . | . . . . . Fabricators . | . . . . . Repair Stations . | . . . . . Recycling Units . | . . . . . Scanalyzers . | . . . . . Garrison Access . | . . . . . Data Cores Recovered . | . . . . . Used . | . . . . . Hacking Detections 11 | . 4 1 3 3 Full Trace Events 1 | . . . 1 . Feedback Events . | . . . . . Feedback Blocked . | . . . . . Robot Schematics Acquired . | . . . . . Robots Built . | . . . . . Matter . | . . . . . Time . | . . . . . Total Robot Build Rating . | . . . . . Part Schematics Acquired 1 | . 1 . . . Parts Built . | . . . . . Matter . | . . . . . Time . | . . . . . Total Part Build Rating . | . . . . . Parts Repaired . | . . . . . Time . | . . . . . Parts Recycled . | . . . . . Recycled Matter . | . . . . . Retrieved Matter . | . . . . . Retrieved Components . | . . . . . Parts Scanalyzed . | . . . . . Part Schematics Acquired . | . . . . . Parts Damaged . | . . . . . Bothacking | -11 -10 -9 -8 -7 ------------ Run | Scr Mat Mat Mat Fac Used RIF Installer . | . . . . . Robots Hacked . | . . . . . Non-combat . | . . . . . Combat . | . . . . . Robot Hacks Applied . | . . . . . Relay Couplers Released . | . . . . . Robots Rewired . | . . . . . Allies Hacked . | . . . . . Hacks Repelled . | . . . . . Allies | -11 -10 -9 -8 -7 -------- Run | Scr Mat Mat Mat Fac Total Allies . | . . . . . Largest Group . | . . . . . Highest-Rated Group . | . . . . . Highest-Rated Ally . | . . . . . Total Orders . | . . . . . Ally Attacks . | . . . . . Total Damage . | . . . . . Kills . | . . . . . Allies Corrupted . | . . . . . Allies Melted . | . . . . . Intel | -11 -10 -9 -8 -7 ------- Run | Scr Mat Mat Mat Fac Robot Analysis Total . | . . . . . Derelict Logs Recovered . | . . . . . Drone Launches . | . . . . . Drone Recoveries . | . . . . . Exploration | -11 -10 -9 -8 -7 ------------- Run | Scr Mat Mat Mat Fac Turns Passed 1302 | 86 382 118 257 459 Spaces Moved 1867 | 72 221 178 567 829 Core 174 | 47 . 7 114 6 Treads . | . . . . . Legs 246 | 25 221 . . . Wheels . | . . . . . Hover . | . . . . . Flight 1447 | . . 171 453 823 Fastest Speed 34 | 50 120 34 40 34 Average Speed 53 | 104 120 37 42 42 Slowest Speed 200 | 200 120 120 50 200 Overloaded Moves . | . . . . . Propulsion Burnouts . | . . . . . Robots Hopped 21 | . . 1 4 16 Cave-ins Triggered . | . . . . . Exploration Rate (%) 33 | 4 43 43 46 31 Regions Visited 4 Branch Regions . Pre-discovered Areas . | . . . . . Known Exits Taken . | . . . . . Unknown Exits Taken 4 | 1 1 1 1 . Scrap Searched . | . . . . . Spaces Dug . | . . . . . Terrain Destroyed 20 | . . 17 . 3 Melee . | . . . . . Projectile 3 | . . . . 3 AOE 17 | . . 17 . . Actions | -11 -10 -9 -8 -7 --------- Run | Scr Mat Mat Mat Fac Total 2027 | 80 283 208 580 876 Wait 49 | 1 23 5 5 15 Move 1822 | 71 220 175 558 798 Hop 20 | . . 1 4 15 Pick Up 15 | 2 7 1 5 . Fast Attach 23 | 6 . 1 5 11 Attach 11 | . 1 6 . 4 Detach 1 | . . . . 1 Swap 4 | . . 4 . . Drop 8 | . 2 3 3 . Fire 70 | . 30 12 . 28 Melee . | . . . . . Ram 4 | . . . . 4 Kick . | . . . . . Crush . | . . . . . Escape Stasis . | . . . . . Rewire . | . . . . . Trap . | . . . . . Miscellaneous . | . . . . . Route ------- -11/Scrapyard -10/Materials -9/Materials (discovered 2 exits: *Mat / [*Min]) -8/Materials -7/Factory (discovered 2 exits: Low x2) History --------- Turn | Location | Event 8 | -11/Scrapyard | Discovered new exit (range 16) 87 | -11/Scrapyard | Entered Materials 306 | -10/Materials | Build established: Mutant 359 | -10/Materials | Central database locked down 450 | -10/Materials | Discovered new exit (range 11) 469 | -10/Materials | Entered another Materials area 469 | -9/Materials | Evolved 2 slots: Power x1, Propulsion x1 516 | -9/Materials | Discovered new exit (range 14) 559 | -9/Materials | Core integrity fell below 50% 586 | -9/Materials | Discovered new exit (range 3) 587 | -9/Materials | Entered another Materials area 587 | -8/Materials | Evolved 2 slots: Propulsion x1, Utility x1 617 | -8/Materials | Lost 10 parts (2p4n4w) 786 | -8/Materials | Discovered new exit (range 16) 844 | -8/Materials | Entered Factory 844 | -7/Factory | Evolved 2 slots: Propulsion x1, Utility x1 851 | -7/Factory | Identified exit to Lower Caves 1084 | -7/Factory | Lost 5 parts (2p1n1u1w) 1091 | -7/Factory | Core integrity fell below 50% 1148 | -7/Factory | Lost 3 parts (1p1n1w) 1232 | -7/Factory | Core integrity fell below 20% 1303 | -7/Factory | Destroyed by P-60 Hacker with Shock Rifle Last Messages --------------- Hvy. EM Shotgun 01272_ S-27 Virus destroyed. 01278_ K-01 Serf collects debris. 01279_ Acquired VTOL Module. 01280_ Lgt. Nuclear Core destroyed. 01281_ Acquired 8 matter. 01281_ K-01 Serf collects debris. 01281_ Acquired Lgt. Nuclear Core. 01284_ Construction Platform disabled. 01285_ Xenon Bombardment Thruster destroyed. 01286_ VTOL Module destroyed. 01290_ Destroyed VTOL Module. 01293_ IJRH DI2S> XPA77P9IURH5VTUFMW7XZ7GEQNUQ 01294_ Slammed into K-01 Serf. 01294_ Destabilizing: Short circuit. 01294_ Broken VTOL Module permanently disabled. 01295_ Lgt. Nuclear Core destroyed. 01296_ S-27 Virus destroyed. 01297_ Broken VTOL Module destroyed. 01303_ Mni. Assault Cannon destroyed. Map ----- +----------------------------------------------------+ | ?????????????????????????????????????????????????? | | ?????????????????????????????????????????????????? | | ?????????????????????????????????????????????????? | | ?????????????????????????????????????????????????? | | ???????????????????????????? ??????????????????? | | ?????????????????????????# ??????????????????? | | ?????????????????????????# ??????????????????? | | ????????????????????????## #?????????????????? | | ????????????????????????? #?????????????????? | | ????????????????????????? !#?????????????????? | | ????????????????????????? #?????????????????? | | ?????????????????????????? #?????????????????? | | ???????????????????????"""""" #?????????????????? | | ??????????????????"?" """"""" #?????????????????? | | ??????????????????""" """"""" ################### | | ???????????????""""" """"""" | | ??????????????? | | ?????????????? | | ?????????????? r | | ?????????????? | | ????????????????????########;+#################### | | ????????????????????????# p #???????????#### | | ????????????????????????#p" """ #???????????# | | ????????????????????????# """"""" #???????????# | | ????????????????????????# """"""" #########???# | | #########################@""""""" # ??# | | + # ??# | | #####################"### # ?# | | ????????????????????????# # ?#+## | | ????????????????????????########### # | | ??????????????????????????????????# # | | ??????????????????????????????????# + | | ??????????????????????????????????# # | | ??????????????????????????????????# + | | ??????????????????????????????????# ?#### | | ??????????????????????????????????# ????? | | ??????????????????????????????????# ?????? | | ??????????????????????????????????# ?????? | | ??????????????????????????????????#########??????? | | ?????????????????????????????????????????????????? | | ?????????????????????????????????????????????????? | | ?????????????????????????????????????????????????? | | ?????????????????????????????????????????????????? | | ?????????????????????????????????????????????????? | | ?????????????????????????????????????????????????? | | ?????????????????????????????????????????????????? | | ?????????????????????????????????????????????????? | | ?????????????????????????????????????????????????? | | ?????????????????????????????????????????????????? | | ?????????????????????????????????????????????????? | +----------------------------------------------------+ Best States ------------- Heat Dissipation 34 Energy Generation 23 Energy Capacity 250 Matter Stores 300 Matter Capacity 300 Sight Range 16 Terrain Scan Density 10 Additional Mass Support 9 Evasion (%) 63 Item Schematics ----------------- Flight Unit | -10/Materials | Hacked Robot Schematics ------------------ None Fabricated ------------ Nothing Alien Tech Used ----------------- None Achievements -------------- None Challenges ------------ None Game ------ Seed PhasingDerelictSteel Manual? 0 Play Time 00:23:55 Cumulative 127.7 hours Start 2020.02.22 @ 22:44:21 End 2020.02.22 @ 23:06:50 Sessions 1 Manual Loads 0 Difficulty Rogue Special Mode None Game No. 79 Rogue 61 Adventurer 0 Explorer 18 Win Type - Total 2 Types 2/0/0/0/0/0/0 Lore% 57 Gallery% 58 Achievement% 51 Wizard Run 0 Options --------- ASCII 0 Keyboard 1 Movement Vi Keybinds 0 Fullscreen 1 Font 18/X11Bold Map View 76x50 Tactical HUD 1 Map Filters NONE Filters LOW_CONTRAST(47,30,31)|SHIFT_HUE(1) Steam 1 RUN: c8a1f089-b69b-4e27-959c-324c752d5323